 Dungeon Crawl Stone Soup version 0.19.3 (console) character file.

65 Lahna the Covered (level 3, 0/34 HPs)
             Began as a Deep Dwarf Fighter on Jan 23, 2017.
             Slain by Crazy Yiuf
             ... wielding a +4 quarterstaff of chaos
              (14 damage)
             ... on level 3 of the Dungeon.
             The game lasted 00:03:48 (1020 turns).

Lahna the Covered (Deep Dwarf Fighter)              Turns: 1020, Time: 00:03:48

Health: 0/34       AC:  7    Str: 20    XL:     3   Next: 94%
Magic:  3/3        EV:  7    Int:  8    God:
Gold:   103        SH:  9    Dex: 12    Spells: 0 memorised, 2 levels left

rFire  . . .     SeeInvis .     a - +0 flail
rCold  . . .     Gourm    .     b - +0 scale mail
rNeg   . . .     Faith    .     c - +0 shield
rPois  .         Spirit   .     (no helmet)
rElec  .         Reflect  .     (no cloak)
rCorr  .         Harm     .     (no gloves)
MR     .....                    (no boots)
Stlth  ..........               (no amulet)
                                (no ring)
                                (no ring)

@: non-regenerating
A: damage resistance, recharge devices, sense surroundings 1, slow regeneration
3
a: Device Recharging


You were on level 3 of the Dungeon.
You were not hungry.

You visited 1 branch of the dungeon, and saw 3 of its levels.

You collected 103 gold pieces.

Inventory:

Hand Weapons
 a - a +0 flail (weapon)
Armour
 b - a +0 scale mail (worn)
 c - a +0 shield (worn)
 o - a +0 large shield
Wands
 e - a wand of heal wounds (4/9)
Scrolls
 g - a scroll of teleportation {unknown}
 j - 2 scrolls of noise {unknown}
 l - 2 scrolls of identify {unknown}
 m - a scroll of fear {unknown}
 p - 2 scrolls of magic mapping {unknown}
 r - a scroll of blinking {unknown}
 s - a scroll of remove curse {unknown}
Potions
 d - a potion of might
 i - a potion of ambrosia {unknown}
 k - a potion of flight {unknown}
 n - a potion of heal wounds {unknown}
Comestibles
 f - 4 bread rations
 h - 6 chunks of flesh
 q - 5 fruits


   Skills:
 - Level 3.0 Fighting
 - Level 2.0 Maces & Flails
 - Level 5.0 Armour
 + Level 3.4 Shields


You had 2 spell levels left.
You didn't know any spells.

Dungeon Overview and Level Annotations

Branches:
Dungeon (3/15)

Altars:
Ashenzari
Trog

Annotations:
D:3 Crazy Yiuf


Innate Abilities, Weirdness & Mutations

You are resistant to damage.
You can recharge devices by infusing magical energy.
You passively map a small area around you.
You do not regenerate.


Message History

Press: ? - help, Shift-Dir - straight line, f - you You feel much better.
This wand has 4 charges left.
Crazy Yiuf hits you with a quarterstaff of chaos.
You are electrocuted!
You hit Crazy Yiuf.
Crazy Yiuf is severely wounded.
Crazy Yiuf drinks a potion.
Crazy Yiuf is healed!
You closely miss Crazy Yiuf.
Crazy Yiuf is moderately wounded.
Crazy Yiuf completely misses you.
You barely miss Crazy Yiuf.
Crazy Yiuf is moderately wounded.
You block Crazy Yiuf's attack.
You closely miss Crazy Yiuf.
Crazy Yiuf is moderately wounded.
You block Crazy Yiuf's attack. x2
You hit Crazy Yiuf.
Crazy Yiuf is severely wounded.
Crazy Yiuf hits you with a quarterstaff of chaos!
You die...

* ,
#.##.#...##.#.#.#)).
,....................
, ,
#.###.........#'#...
, #########....... ,,
#.......
♣♣♣♣♣##....... ####
♣♣♣.♣..#........ *
#...#♣..♣............
, ,
#..g@.♣♣♣♣...........
#)..#♣♣ ♣♣.#......##
, #### ♣♣##.......
#.....## ###.### *
#############....#
#................# ,
#.####...........# *
* #.............#


You could see Crazy Yiuf.

Vanquished Creatures
  An adder (D:2)
  2 oozes
  2 leopard geckos
  An orc (D:3)
  8 bats
  4 giant cockroaches
  7 goblins
  3 hobgoblins
  A quokka (D:3)
  3 frilled lizards
  6 kobolds
  5 rats
43 creatures vanquished.

Notes
Turn   | Place    | Note
-------+----------+-------------------------------------------
     0 | D:1      | Lahna the Deep Dwarf Fighter began the quest for the Orb.
     0 | D:1      | Reached XP level 1. HP: 20/20 MP: 1/1
    68 | D:1      | Reached XP level 2. HP: 28/28 MP: 2/2
   196 | D:1      | Reached skill level 4 in Armour
   481 | D:2      | Reached XP level 3. HP: 26/34 MP: 3/3
   696 | D:2      | Found a shattered altar of Ashenzari.
   825 | D:3      | Reached skill level 5 in Armour
   830 | D:3      | Found a bloodstained altar of Trog.
   959 | D:3      | Found a runed door.
  1010 | D:3      | Noticed Crazy Yiuf
  1020 | D:3      | Slain by Crazy Yiuf

Skill      XL: |  1  2  3 |
---------------+----------+-----
Fighting       | 3 |  3.0
Armour         | 4 5 |  5.0
Maces & Flails | |  2.0
Shields        | |  3.4

Action                   || total
-------------------------++-------
Melee: Flail             ||   139
Evoke: Wand              ||     1
  Eat: Chunk             ||     1
Armor: Scale mail        ||    84
Dodge: Dodged            ||    59
Block: Shield            ||    92
